 Dungeon Crawl Stone Soup version 0.20.0-8-g6b59dc7 (webtiles) character file.

134474 inmateoo the Severer (level 16, -6/250 HPs)
             Began as a Deep Dwarf Fighter on May 31, 2017.
             Was the Champion of Makhleb.
             Mangled by an iron troll (illusionary) (20 damage)
             ... on level 3 of the Depths.
             The game lasted 00:30:33 (14923 turns).

inmateoo the Severer (Deep Dwarf Fighter)          Turns: 14923, Time: 00:30:34

Health: -6/250     AC: 23    Str: 32    XL:     16   Next: 62%
Magic:  13/13      EV: 10    Int:  9    God:    Makhleb [******]
Gold:   1173       SH: 20    Dex: 10    Spells: 7/15 levels left

rFire    + . .     SeeInvis +   G - +9 broad axe (chop)
rCold    + + .     Gourm    .   u - +0 large shield
rNeg     + . .     Faith    .   U - +1 plate armour {rF+}
rPois    +         Spirit   .   x - +0 helmet "Nime" {rPois}
rElec    .         Reflect  .   F - +0 cloak
rCorr    +         Harm     .   C - +1 pair of gloves
MR       +++..                  J - +0 pair of boots
Stlth    ..........             X - amulet of rage
Regen    0.0/turn               k - ring of resist corrosion
MPRegen  0.2/turn               R - ring of protection from cold

@: berserking (expiring), non-regenerating, very quick
A: damage resistance, heal wounds, see invisible, clumsy 1, cold resistance 1,
deterioration 1, magic resistance 1, negative energy resistance 1, sense
surroundings 2, robust 1, subdued magic 1, MP-powered wands, no regeneration
a: Heal Wounds, Minor Destruction, Lesser Servant of Makhleb, Major Destruction,
Greater Servant of Makhleb, Renounce Religion, Evoke Berserk Rage


You were on level 3 of the Depths.
You worshipped Makhleb.
Makhleb was exalted by your worship.
You were very hungry.

You visited 3 branches of the dungeon, and saw 19 of its levels.
You also visited: Ice Cave.

You collected 1629 gold pieces.
You spent 456 gold pieces at shops.

Inventory:

Hand Weapons
 G - a +9 broad axe of chopping (weapon)
 O - a +2 scimitar of flaming
Armour
 u - a +0 large shield (worn)
 x - the +0 helmet "Nime" (worn) {rPois}
   (You found it on level 6 of the Dungeon)

   It protects you from poison.
 C - a +1 pair of gloves (worn)
 F - a +0 cloak (worn)
 J - a +0 pair of boots (worn)
 P - +0 fire dragon scales
 U - a +1 plate armour of fire resistance (worn)
 V - the +2 cloak of the Thief {+Fog Slay-2 SInv Stlth+}
   (You acquired it on level 13 of the Dungeon)

   It affects your accuracy and damage with ranged weapons and melee attacks
   (-2).
   It lets you see invisible.
   It makes you more stealthy.
Jewellery
 i - an uncursed ring of fire
 k - a ring of resist corrosion (left hand)
 y - an uncursed ring of see invisible
 D - an uncursed ring of poison resistance
 R - a ring of protection from cold (right hand)
 X - an amulet of rage (around neck)
Wands
 b - a wand of polymorph (8/24)
 o - a wand of iceblast (7/15)
 t - a wand of lightning (5/15)
 I - a wand of scattershot (5/9)
 S - a wand of lightning (7/15)
 W - a wand of lightning (3/15)
 Z - a wand of acid (6/15)
Scrolls
 a - 3 scrolls of enchant armour
 c - a scroll of holy word
 j - a scroll of amnesia
 m - 4 scrolls of recharging
 p - 6 scrolls of remove curse
 q - a scroll of identify
 E - 2 scrolls of enchant weapon
 L - 2 scrolls of blinking
 M - a scroll of magic mapping
 T - 3 scrolls of teleportation
Potions
 d - 3 potions of might
 e - a potion of agility
 h - 10 potions of heal wounds
 l - 4 potions of curing
 n - 2 potions of resistance
 r - 4 potions of lignification
 v - 2 potions of berserk rage
 w - 2 potions of haste
 z - 3 potions of brilliance
 A - 4 potions of mutation
 B - a potion of ambrosia
 H - 2 potions of cancellation
 K - a potion of invisibility
 N - 3 potions of magic
 Y - a potion of flight
Comestibles
 f - 13 bread rations
 g - 10 meat rations
 s - 3 royal jellies
 Q - 4 chunks of flesh


   Skills:
 + Level 12.1 Fighting
 * Level 19.0 Axes
 + Level 12.0 Armour
 + Level 11.1 Dodging
 + Level 12.2 Shields
 * Level 10.9 Invocations
 - Level 8.0 Evocations


You had 7 spell levels left.
You knew the following spells:

 Your Spells              Type           Power        Failure   Level  Hunger
a - Apportation           Tloc           #.....       100%        1    ##.....
b - Spectral Weapon       Hex/Chrm       #.......     100%        3    ####...
c - Song of Slaying       Chrm           #.......     100%        2    ###....
d - Shroud of Golubria    Chrm/Tloc      #.........   100%        2    ###....


Dungeon Overview and Level Annotations

Branches:
Dungeon (15/15)            Temple (1/1) D:6            Lair (0/6) D:8
    Orc (0/2) D:9          Vaults (0/5) D:13         Depths (3/5) D:15

Altars:
Ashenzari
Cheibriados
Dithmenos
Elyvilon
Fedhas
Hepliaklqana
Kikubaaqudgha
Makhleb
Nemelex Xobeh
Okawaru
Qazlal
Ru
Sif Muna
Trog
Uskayaw
Vehumet
Xom
Yredelemnul
Zin
The Shining One

Shops:
D:5 :   D:8 }   D:9 }!(   D:15 :   Depths:2 ?

Portals:
Hell: Depths:1 Depths:2

Annotations:
D:8 1 exclusion
Depths:3 Jorgrun


Innate Abilities, Weirdness & Mutations

You are resistant to damage.
You can heal yourself by infusing magical energy.
You resist negative energy. (rN+)
You passively map the area around you.
You do not regenerate.
You have supernaturally acute eyesight. (SInv)
You are clumsy. (Dex -2)
Your flesh is cold resistant. (rC+)
Your body sometimes deteriorates upon taking damage.
You are resistant to hostile enchantments. (MR+)
You are robust. (+10% HP)
Your spells are a little easier to cast, but a little less powerful.
You expend magic power (3 MP) to strengthen your wands.


Message History

The iron troll claws you but does no damage.
The rakshasa barely misses you.
The iron troll bites you but does no damage.
You block the iron troll's attack. x2
You slash the iron troll!
The iron troll is almost dead.
You hit Jorgrun.
You hit the iron troll but do no damage.
You slice the iron troll!!
Unknown command.
Unknown command.
You slash the iron troll!
The iron troll is almost dead.
You closely miss Jorgrun. You barely miss the iron troll.
You slash the iron troll! You block Jorgrun's attack.
The rakshasa hits you but does no damage.
The iron troll misses you.
The iron troll claws you but does no damage.
The iron troll claws you!!
You die...

, * ** ,
,#####.........+,
, ,,
..............+ ,
, ,≈
..............#* *
, ,, ≈
..............#,
..............# *
≈ ≈
.......R......## *
* ≈
.....!Tg........ ,
,
,......T@[.......,
, + ,
,......T.†.....#*
, *
...>..........#,
,, ..............#
, ,, , ,
.≈............# ,
* * , ,
.≈≈....<......+ ,
,, ≈
≈≈≈≈...........+
≈≈ ≈≈≈...........#
, * ,, ,
..≈...........#


You could see Jorgrun, 3 iron trolls and a rakshasa.

Vanquished Creatures
  Saint Roka (D:15)
  3 frost giants
  2 fire giants (Depths:2)
  2 juggernaut skeletons (Depths:1)
  12 very ugly things
  2 vampire knights
  5 stone giants
  3 ettins
  2 merfolk impalers (Depths:2)
  2 fire dragons
  2 ogre magi
  Harold (D:12)
  A rakshasa (Depths:2)
  A hydra (D:14)
  5 vault guards (D:13)
  Erica (D:8)
  7 centaur warriors
  13 two-headed ogres
  3 tengu warriors
  3 deep troll shamans
  3 deep troll earth magi
  3 deep elf knights
  8 hell knights
  2 iron trolls
  A quicksilver dragon simulacrum (Depths:1)
  5 deep trolls
  14 skeletal warriors
  3 unseen horrors
  A wizard (D:13)
  A deep elf mage (D:12)
  Pikel (D:6)
  A necromancer (Depths:1)
  2 orc sorcerers
  3 wolf spider zombies
  5 manticores
  22 ugly things
  5 cyclopes
  A rust devil (Depths:2)
  Psyche (D:10)
  An ice statue (IceCv)
  5 gargoyles
  3 centaur skeletons
  Joseph (D:7)
  12 yaktaurs (Depths:1)
  2 tengu conjurers
  A rime drake (IceCv)
  An elf skeleton (Depths:1)
  14 polar bears (IceCv)
  2 trolls
  3 meliai (D:13)
  3 hornets
  21 slime creatures
  A harpy skeleton (D:13)
  3 hippogriffs
  2 shadows
  Sigmund (D:2)
  6 water elementals
  3 wyverns
  2 wraiths
  4 hogs (D:7)
  45 yaks
  2 humans
  A hungry ghost (D:10)
  2 steam dragons
  7 vampire mosquitoes
  A human zombie (Depths:1)
  11 ice beasts
  8 orc warriors
  3 phantoms
  3 sky beasts
  13 ogres
  2 hornet zombies (D:15)
  An eye of draining (D:12)
  12 wolves (IceCv)
  A crocodile (D:9)
  12 centaurs
  A big kobold (D:9)
  9 bullfrogs
  4 scorpions
  A water moccasin skeleton (D:8)
  5 wights (D:9)
  A vampire bat (D:3)
  3 electric eels (D:8)
  3 howler monkeys (D:8)
  3 crimson imps
  A bullfrog zombie (D:12)
  13 hounds
  A quasit (D:13)
  2 centaur zombies
  Crazy Yiuf (D:3)
  4 jellies
  6 orc priests
  11 orc wizards
  3 bullfrog skeletons
  Ijyb (D:4)
  Terence (D:3)
  3 iguanas
  12 worker ants
  2 hound zombies
  2 hound skeletons
  A mummy (D:7)
  5 gnolls
  19 adders
  4 shadow imps
  An ooze (D:2)
  An adder zombie (D:5)
  An adder skeleton (D:6)
  A worm (D:4)
  5 dart slugs
  8 leopard geckos
  72 orcs
  2 ball pythons
  11 bats
  4 bat skeletons (D:3)
  3 bat zombies (D:3)
  4 giant cockroaches
  10 goblins
  7 hobgoblins
  16 jackals
  4 quokkas
  8 frilled lizards
  2 hobgoblin zombies (D:7)
  13 kobolds
  A kobold zombie (D:7)
  An orc zombie (D:7)
  6 rats
  7 fungi
678 creatures vanquished.

Vanquished Creatures (others)
  A polar bear (IceCv)
  2 wolves (IceCv)
  A centaur skeleton (D:6)
  An adder (D:6)
  An orc (Depths:1)
6 creatures vanquished.

Grand Total: 684 creatures vanquished

Notes
Turn   | Place    | Note
-------+----------+-------------------------------------------
     0 | D:1      | inmateoo the Deep Dwarf Fighter began the quest for the Orb.
     0 | D:1      | Reached XP level 1. HP: 20/20 MP: 1/1
   117 | D:1      | Reached XP level 2. HP: 25/27 MP: 2/2
   359 | D:1      | Reached skill level 3 in Axes
   383 | D:1      | Reached XP level 3. HP: 17/33 MP: 3/3
   572 | D:3      | Noticed Terence
   597 | D:3      | Killed Terence
   597 | D:3      | Reached XP level 4. HP: 29/42 MP: 4/4
   647 | D:4      | Reached skill level 4 in Axes
   727 | D:5      | Entered Level 5 of the Dungeon
   749 | D:5      | Reached XP level 5. HP: 28/49 MP: 5/5
   766 | D:5      | Found a radiant altar of Vehumet.
   960 | D:5      | Found Xahets's Book Boutique.
   970 | D:5      | Found a hazy altar of Hepliaklqana.
  1812 | D:4      | Reached XP level 6. HP: 46/56 MP: 6/6
  2499 | D:4      | Noticed Ijyb
  2517 | D:4      | Killed Ijyb
  2837 | D:6      | Noticed a slave
  2838 | D:6      | Noticed a slave
  2838 | D:6      | Noticed a slave
  2839 | D:6      | Noticed Pikel
  2839 | D:6      | Noticed a slave
  2868 | D:6      | Killed Pikel
  2868 | D:6      | Reached skill level 6 in Axes
  2868 | D:6      | Reached skill level 5 in Armour
  2868 | D:6      | Reached skill level 5 in Shields
  2868 | D:6      | Reached XP level 7. HP: 25/64 MP: 7/7
  2996 | D:6      | Got a transparent helmet
  3009 | D:6      | Identified the cursed +0 helmet "Nime" {rPois} (You found it on level 6 of the Dungeon)
  3109 | D:6      | Found a staircase to the Ecumenical Temple.
  3123 | Temple   | Entered the Ecumenical Temple
  3149 | Temple   | Became a worshipper of Makhleb the Destroyer
  3931 | D:2      | Noticed Sigmund
  3940 | D:2      | Killed Sigmund
  3940 | D:2      | Reached skill level 7 in Axes
  3940 | D:2      | Reached XP level 8. HP: 54/73 MP: 8/8
  4063 | D:2      | Reached * piety under Makhleb
  4089 | D:3      | Found a white marble altar of Elyvilon.
  4219 | D:3      | Found a bloodstained altar of Trog.
  4384 | D:3      | Found an ancient bone altar of Kikubaaqudgha.
  4641 | D:3      | Found a runed door.
  4645 | D:3      | Noticed Crazy Yiuf
  4649 | D:3      | Killed Crazy Yiuf
  4864 | D:6      | Reached skill level 5 in Fighting
  4894 | D:6      | Reached skill level 8 in Axes
  5536 | D:7      | Found a sparkling altar of Nemelex Xobeh.
  5577 | D:7      | Found a bloodstained altar of Trog.
  5595 | D:7      | Reached ** piety under Makhleb
  5899 | D:7      | Reached skill level 9 in Axes
  5996 | D:7      | Found a stormy altar of Qazlal.
  6051 | D:7      | Noticed Joseph
  6068 | D:7      | Killed Joseph
  6068 | D:7      | Gained mutation: You passively map the area around you. [Deep Dwarf growth]
  6068 | D:7      | Reached XP level 9. HP: 48/82 MP: 7/7
  6113 | D:7      | Found a glowing golden altar of the Shining One.
  6257 | D:7      | Reached skill level 10 in Axes
  6532 | D:8      | Noticed a troll
  6538 | D:8      | Reached skill level 1 in Invocations
  6555 | D:8      | Reached skill level 11 in Axes
  6562 | D:8      | Reached *** piety under Makhleb
  6593 | D:8      | Killed a troll
  6603 | D:8      | Gained mutation: You are robust. (+10% HP) [mutagenic meat]
  6604 | D:8      | Gained mutation: Your body sometimes deteriorates upon taking damage. [mutagenic meat]
  6605 | D:8      | Gained mutation: Your flesh is cold resistant. (rC+) [mutagenic meat]
  6606 | D:8      | Gained mutation: You have supernaturally acute eyesight. (SInv) [mutagenic meat]
  6607 | D:8      | Gained mutation: You expend magic power (3 MP) to strengthen your wands. [mutagenic meat]
  6757 | D:8      | Found a staircase to the Lair.
  6796 | D:8      | Reached XP level 10. HP: 78/103 MP: 7/7
  6854 | D:8      | Noticed Erica
  6880 | D:8      | Killed Erica
  6880 | D:8      | Reached skill level 12 in Axes
  6910 | D:8      | Found Kehim's Gadget Shop.
  7008 | D:8      | Reached skill level 5 in Invocations
  7025 | D:8      | Identified a scroll of acquirement
  7263 | D:9      | Found Syettoco's Distillery.
  7274 | D:9      | Bought 2 potions of heal wounds for 130 gold pieces
  7274 | D:9      | Bought a potion of haste for 130 gold pieces
  7274 | D:9      | Bought a potion of agility for 52 gold pieces
  7335 | D:9      | Found a radiant altar of Vehumet.
  7392 | D:9      | Found a hazy altar of Hepliaklqana.
  7445 | D:9      | Reached **** piety under Makhleb
  7489 | D:9      | Found a staircase to the Orcish Mines.
  7638 | D:9      | Found Siyreged's Gadget Shoppe.
  7745 | D:9      | Noticed a cyclops
  7748 | D:9      | Found Maplios's Weapon Shop.
  7752 | D:9      | Killed a cyclops
  7852 | D:9      | Reached skill level 13 in Axes
  7916 | D:10     | Entered Level 10 of the Dungeon
  7932 | D:10     | Reached ***** piety under Makhleb
  7961 | D:10     | Reached XP level 11. HP: 91/114 MP: 11/11
  8049 | D:10     | Noticed Psyche
  8049 | D:10     | Noticed a two-headed ogre
  8061 | D:10     | Killed Psyche
  8065 | D:10     | Killed a two-headed ogre
  8065 | D:10     | Reached skill level 1 in Dodging
  8290 | D:10     | Gained mutation: You are clumsy. (Dex -2) [mutagenic meat]
  8291 | D:10     | Gained mutation: You are resistant to hostile enchantments. (MR+) [mutagenic meat]
  8292 | D:10     | Gained mutation: Your spells are a little easier to cast, but a little less powerful. [mutagenic meat]
  8936 | D:11     | Paralysed by a hornet for 3 turns
  9230 | D:11     | Noticed a skeletal warrior
  9240 | D:11     | Noticed a skeletal warrior
  9240 | D:11     | Killed a skeletal warrior
  9252 | D:11     | Killed a skeletal warrior
  9252 | D:11     | Reached skill level 14 in Axes
  9254 | D:11     | Noticed a skeletal warrior
  9271 | D:11     | Killed a skeletal warrior
  9647 | D:12     | Noticed a deep elf mage
  9648 | D:12     | Noticed Harold
  9657 | D:12     | Killed a deep elf mage
  9665 | D:12     | Killed Harold
  9721 | D:12     | Reached XP level 12. HP: 99/125 MP: 11/11
 10184 | D:13     | Reached skill level 1 in Evocations
 10185 | D:13     | Reached skill level 5 in Dodging
 10293 | D:13     | Reached ****** piety under Makhleb
 10388 | D:13     | Reached skill level 15 in Axes
 10458 | D:13     | Noticed a two-headed ogre
 10467 | D:13     | Killed a two-headed ogre
 10502 | D:13     | Noticed a vault guard
 10531 | D:13     | Noticed a vault guard
 10546 | D:13     | Noticed a vault guard
 10562 | D:13     | Killed a vault guard
 10579 | D:13     | Killed a vault guard
 10579 | D:13     | Reached XP level 13. HP: 55/134 MP: 12/12
 10616 | D:13     | Found a gate to the Vaults.
 10628 | D:13     | Reached skill level 5 in Evocations
 10748 | D:13     | Found a frozen archway.
 10768 | IceCv    | Entered an ice cave
 10979 | IceCv    | Reached skill level 10 in Fighting
 11072 | IceCv    | Learned a level 1 spell: Apportation
 11108 | IceCv    | Noticed a frost giant
 11140 | IceCv    | Killed a frost giant
 11143 | IceCv    | Reached skill level 16 in Axes
 11854 | D:14     | Gained mutation: You resist negative energy. (rN+) [Deep Dwarf growth]
 11854 | D:14     | Reached XP level 14. HP: 136/146 MP: 13/13
 12348 | D:15     | Entered Level 15 of the Dungeon
 12391 | D:15     | Reached skill level 10 in Armour
 12391 | D:15     | Reached skill level 10 in Shields
 12396 | D:15     | Found Innumnez's Book Shop.
 12523 | D:15     | Found a staircase to the Depths.
 12667 | D:15     | Learned a level 3 spell: Spectral Weapon
 12670 | D:15     | Learned a level 2 spell: Song of Slaying
 12673 | D:15     | Learned a level 2 spell: Shroud of Golubria
 12697 | D:15     | Reached skill level 17 in Axes
 13092 | Depths:1 | Entered Level 1 of the Depths
 13092 | Depths:1 | Noticed a stone giant
 13092 | Depths:1 | Noticed a stone giant
 13107 | Depths:1 | Noticed a green very ugly thing
 13107 | Depths:1 | Noticed a green very ugly thing
 13123 | D:15     | HP: 9/219 [poisoned by a green very ugly thing]
 13124 | D:15     | HP: 4/219 [poisoned by a green very ugly thing]
 13126 | D:15     | Killed a green very ugly thing
 13129 | D:15     | Killed a stone giant
 13131 | D:15     | Killed a red very ugly thing
 13190 | Depths:1 | Noticed Saint Roka
 13192 | Depths:1 | Noticed a frost giant
 13200 | Depths:1 | Reached XP level 15. HP: 155/155 MP: 14/14
 13214 | Depths:1 | Killed a frost giant
 13284 | D:15     | Killed Saint Roka
 13284 | D:15     | Reached skill level 10 in Dodging
 13330 | Depths:1 | Reached skill level 18 in Axes
 13501 | Depths:1 | Found a gateway to Hell.
 13802 | Depths:1 | Noticed a frost giant
 13814 | Depths:1 | Killed a frost giant
 13858 | Depths:1 | Found a shattered altar of Ashenzari.
 14016 | Depths:2 | Noticed a fire giant
 14028 | Depths:2 | Killed a fire giant
 14035 | Depths:2 | Reached XP level 16. HP: 167/167 MP: 12/12
 14189 | Depths:2 | Found Babethus's Magic Scroll Shop.
 14192 | Depths:2 | Bought a scroll of identify for 36 gold pieces
 14192 | Depths:2 | Bought a scroll of teleportation for 54 gold pieces
 14192 | Depths:2 | Bought a scroll of teleportation for 54 gold pieces
 14395 | Depths:2 | Reached skill level 10 in Invocations
 14798 | Depths:2 | Reached skill level 19 in Axes
 14909 | Depths:3 | Noticed Jorgrun
 14923 | Depths:3 | Mangled by an iron troll (illusionary)

Skill      XL: |  1  2  3  4  5  6  7  8  9 10 11 12 13 14 15 16 |
---------------+-------------------------------------------------+-----
Axes           | 3 4 6 7 9 11 13 14 15 16 17 18 19 | 19.0
Fighting       | 3 4 5 7 8 9 10 11 12 | 12.1
Armour         | 4 5 7 8 9 10 11 12 | 12.0
Shields        | 4 5 7 8 9 10 11 12 | 12.2
Invocations    | 3 7 8 10 | 10.9
Dodging        | 4 6 7 9 10 11 | 11.1
Evocations     | 4 7 8 |  8.0

Action                   |  1- 3 |  4- 6 |  7- 9 | 10-12 | 13-15 | 16-18 || total
-------------------------+-------+-------+-------+-------+-------+-------++-------
Melee: War axe           |   104 |   131 |   510 |    66 |       |       ||   811
       Broad axe         |       |       |       |   500 |   763 |   195 ||  1458
       Scimitar          |       |       |       |       |     8 |       ||     8
 Abil: Heal Wounds       |     1 |     2 |    11 |     7 |    16 |     3 ||    40
       Evoke Berserk Rag |       |       |       |       |     8 |     4 ||    12
Evoke: Wand              |       |       |     4 |     1 |       |       ||     5
  Use: Potion            |       |       |     1 |       |     3 |       ||     4
       Scroll            |       |       |       |    31 |     5 |     3 ||    39
  Eat: Fruit             |       |     4 |       |       |       |       ||     4
       Chunk             |       |     2 |    21 |    17 |    10 |     1 ||    51
       Royal jelly       |       |       |       |     1 |     5 |     2 ||     8
Armor: Scale mail        |    43 |    51 |   219 |    49 |       |       ||   362
       Chain mail        |       |       |       |   127 |     4 |       ||   131
       Plate armour      |       |       |       |       |   290 |    69 ||   359
Dodge: Dodged            |    35 |    38 |   151 |   134 |   136 |    49 ||   543
Block: Shield            |    69 |    69 |   309 |   249 |     8 |       ||   704
       Large shield      |       |       |       |       |   616 |   188 ||   804
       Rpst.: Scimitar   |       |       |       |       |     1 |       ||     1
